 Dungeon Crawl Stone Soup version 0.21.1-1-g345015f (webtiles) character file.

34 inc the Ducker (level 3, -1/15 HPs)
             Began as a Felid Transmuter on Mar 13, 2018.
             Slain by a leopard gecko (2 damage)
             ... on level 1 of the Dungeon.
             The game lasted 00:01:36 (1284 turns).

inc the Ducker (Felid Transmuter)                   Turns: 1284, Time: 00:01:37

Health: -1/15      AC:  1    Str:  6    XL:     3   Next: 14%
Magic:  7/7        EV: 19    Int: 14    God:
Gold:   79         SH:  0    Dex: 17    Spells: 3/6 levels left
                                        Lives:  0   Deaths: 0

rFire    . . .     SeeInvis +     - Unarmed
rCold    . . .     Gourm    .   (shield unavailable)
rNeg     . . .     Faith    .   (armour unavailable)
rPois    .         Spirit   .   (helmet unavailable)
rElec    .         Reflect  .   (cloak unavailable)
rCorr    .         Harm     .   (gloves unavailable)
MR       .....                  (boots unavailable)
Stlth    ++........             (no amulet)
HPRegen  0.05/turn              (no ring)
MPRegen  0.10/turn              (no ring)

@: lethally poisoned (-1 -> -3), appendage (expiring), quick
A: very small, no armour, no weapons or thrown items, stealth, claws 1, fangs 3,
horns 2, see invisible, carnivore, speed 1, shaggy fur 1, slow metabolism 1,
sharp paws
a: End Transformation


You were on level 1 of the Dungeon.
You were not hungry.
You had grown temporary horns.
You visited 1 branch of the dungeon, and saw 2 of its levels.

You collected 79 gold pieces.

Inventory:

Missiles
 a - 53 arrows
Jewellery
 e - an uncursed ring of fire {unknown}
Scrolls
 d - a scroll of remove curse {unknown}
 f - 2 scrolls of teleportation {unknown}
 g - a scroll of random uselessness {unknown}
Books
 b - a book of Changes

   Spells                             Type                      Level
   a - Beastly Appendage              Transmutation                1
   b - Sticks to Snakes               Transmutation                2
   c - Spider Form                    Transmutation/Poison         3
   d - Ice Form                       Ice/Transmutation            4
   e - Blade Hands                    Transmutation                5
Comestibles
 c - 3 rations


   Skills:
 - Level 1.0 Fighting
 - Level 4.1 Dodging
 - Level 3.0 Unarmed Combat
 - Level 2.0 Spellcasting
 + Level 3.1 Transmutations


You had 3 spell levels left.
You knew the following spells:

 Your Spells              Type           Power        Failure   Level  Hunger
a - Beastly Appendage     Tmut           ##....       7%          1    ##.....
b - Sticks to Snakes      Tmut           ##......     10%         2    ###....


Dungeon Overview and Level Annotations

Branches:
Dungeon (2/15)

Altars:


Innate Abilities, Weirdness & Mutations

You cannot wear armour.
You are incapable of wielding weapons or throwing items.
Your paws allow you to move quietly. (Stealth)
You have sharp claws.
You have razor-sharp teeth.
You have supernaturally acute eyesight. (SInv)
You are carnivorous and can eat meat at any time.
You cover ground quickly.
You are covered in fur. (AC +1)
You have a slow metabolism.
Your sharp claws are effective at attacking unaware monsters.
You have a pair of horns on your head.


Message History

The adder is almost dead.
The adder closely misses you. The leopard gecko barely misses you.
The adder closely misses you.
You claw the adder!
You kill the adder!
Your Transmutations skill increases to level 3!
You have reached level 3!
Your experience leads to an increase in your attributes!
Increase (S)trength, (I)ntelligence, or (D)exterity?
You feel agile.
* * * LOW HITPOINT WARNING * * *
You feel sick. The leopard gecko barely misses you.
You completely miss the leopard gecko.
Your transformation is almost over.
The leopard gecko misses you.
You aren't carrying any potions.
You closely miss the leopard gecko. The leopard gecko bites you.
* * * LOW HITPOINT WARNING * * *
You completely miss the leopard gecko. The leopard gecko bites you.
You die...

## ######## .#
########......#
.########......#...[..#
..#.....#......#......#
..#...................#
..#..............######
..#..............##########
..#####...................#
.....##.........@...#####.#
.................l..# #.#
.....#........#.....# #.#
.....#............### #.#
.)...#............# #.#
..................# #.#
..................# #.#
.......###........# #.#
........##........# #.#


You could see a leopard gecko.

Vanquished Creatures
  2 adders
  A dart slug (D:1)
  A leopard gecko (D:1)
  2 bats (D:1)
  A goblin (D:1)
  A hobgoblin (D:1)
  2 jackals (D:1)
  A frilled lizard (D:1)
  3 rats (D:1)
14 creatures vanquished.

Notes
Turn   | Place    | Note
-------+----------+-------------------------------------------
     0 | D:1      | inc the Felid Transmuter began the quest for the Orb.
     0 | D:1      | Reached XP level 1. HP: 9/9 MP: 4/4
    33 | D:1      | Reached skill level 3 in Dodging
   147 | D:1      | Reached XP level 2. HP: 12/12 MP: 6/6
   206 | D:1      | Reached skill level 4 in Dodging
   919 | D:1      | Learned a level 2 spell: Sticks to Snakes
   947 | D:2      | Noticed an angel
  1281 | D:1      | Reached XP level 3. HP: 4/15 MP: 7/7
  1284 | D:1      | Slain by a leopard gecko

Skill      XL: |  1  2 |
---------------+-------+-----
Dodging        | 3 4 |  4.1
Transmutations | 3 |  3.1
Fighting       | |  1.0
Unarmed Combat | |  3.0
Spellcasting   | |  2.0

Action                   || total
-------------------------++-------
Melee: Unarmed           ||    58
       Bite              ||     2
       Headbutt          ||     1
 Cast: Beastly Appendage ||     3
  Eat: Chunk             ||     1
Armor: Skin              ||     1
Dodge: Dodged            ||    48
